EVO
RICE UNIVERSITY OWLS @ VANDERBILT UNIVERSITY COMMODORES
08/18/2046
 
TOP OF THE 1ST
Rice University Owls batting - Pitching for Vanderbilt University Commodores : RHP Gabriel Marsh
Pitching: RHP Gabriel Marsh
Batting: RHB Russ Kennett 0-0: Bunt for hit to 13 - play at first, batter OUT! 1-3
Batting: LHB Eddie Lemus 0-0: Called Strike
0-1: Ground out 4-3 (Groundball, 34D, EV 88.1 MPH)
Batting: RHB Fred Saxton 0-0: Ball
1-0: Ball
2-0: Called Strike
2-1: Swinging Strike
2-2: Foul Ball, location: 2F
2-2: Strikes out swinging
Top of the 1st over - 0 runs, 0 hits, 0 errors, 0 left on base; Rice University 0 - Vanderbilt University 0
BOTTOM OF THE 1ST
Vanderbilt University Commodores batting - Pitching for Rice University Owls : LHP Melvin Ontiveros
Pitching: LHP Melvin Ontiveros
Batting: LHB Nate Greening 0-0: Foul Ball, location: 2F
0-1: Ground out 5-3 (Groundball, 56, EV 103.8 MPH)
Batting: RHB Gary Smith 0-0: Ball
1-0: Called Strike
1-1: Ball
2-1: Fly out, F9 (Flyball, 89M, EV 94.4 MPH)
Batting: LHB Jose Diaz 0-0: Called Strike
0-1: Ground out 4-3 (Groundball, 4, EV 88.1 MPH)
Bottom of the 1st over - 0 runs, 0 hits, 0 errors, 0 left on base; Rice University 0 - Vanderbilt University 0
TOP OF THE 2ND
Rice University Owls batting - Pitching for Vanderbilt University Commodores : RHP Gabriel Marsh
Batting: LHB David Coatney 0-0: Fly out, F9 (Flyball, 9D, EV 104.4 MPH)
Batting: SHB Joan Coucieiro 0-0: Called Strike
0-1: Ball
1-1: Foul Ball, location: 2F
1-2: Foul Ball, location: 2F
1-2: Strikes out looking
Batting: SHB Yu-hsui Lew 0-0: Ground out 4-3 (Groundball, 4, EV 88.1 MPH)
Top of the 2nd over - 0 runs, 0 hits, 0 errors, 0 left on base; Rice University 0 - Vanderbilt University 0
BOTTOM OF THE 2ND
Vanderbilt University Commodores batting - Pitching for Rice University Owls : LHP Melvin Ontiveros
Batting: RHB Steve Webb 0-0: Ball
1-0: Foul Ball, location: 2F
1-1: Fly out, F9 (Flyball, 89D, EV 106.2 MPH)
Batting: RHB Pakiana Kileona 0-0: Ground out 5-3 (Groundball, 56, EV 82.5 MPH)
Batting: LHB Mario Garza 0-0: Ball
1-0: Fly out, F6 (Popup, 6S, EV 84.4 MPH)
Bottom of the 2nd over - 0 runs, 0 hits, 0 errors, 0 left on base; Rice University 0 - Vanderbilt University 0
TOP OF THE 3RD
Rice University Owls batting - Pitching for Vanderbilt University Commodores : RHP Gabriel Marsh
Batting: RHB Bobby Johannsen 0-0: Ball
1-0: Ball
2-0: Foul Ball, location: 2F
2-1: Ground out 6-3 (Groundball, 6, EV 88.1 MPH)
Batting: RHB Yu-zeng Mai 0-0: Ground out 6-3 (Groundball, 4M, EV 90.6 MPH)
Batting: RHB John Burgis 0-0: Ground out 6-3 (Groundball, 6, EV 103.1 MPH)
Top of the 3rd over - 0 runs, 0 hits, 0 errors, 0 left on base; Rice University 0 - Vanderbilt University 0
BOTTOM OF THE 3RD
Vanderbilt University Commodores batting - Pitching for Rice University Owls : LHP Melvin Ontiveros
Batting: LHB Chad Carlson 0-0: Called Strike
0-1: Ball
1-1: SINGLE (Groundball, 4D, EV 98.1 MPH)
Batting: SHB Michael Woodard 0-0: Ball
1-0: Ball
2-0: Grounds into double play, 5-4-3 (Groundball, 5, EV 105.0 MPH)
Batting: LHB Raul Aldaz 0-0: Called Strike
0-1: Called Strike
0-2: Ball
1-2: Strikes out swinging
Bottom of the 3rd over - 0 runs, 1 hit, 0 errors, 0 left on base; Rice University 0 - Vanderbilt University 0
TOP OF THE 4TH
Rice University Owls batting - Pitching for Vanderbilt University Commodores : RHP Gabriel Marsh
Batting: RHB Russ Kennett 0-0: Called Strike
0-1: Ball
1-1: Called Strike
1-2: Ground out 5-3 (Groundball, 6S, EV 82.5 MPH)
Batting: LHB Eddie Lemus 0-0: Ground out U3 (Groundball, 3, EV 90.0 MPH)
Batting: RHB Fred Saxton 0-0: Called Strike
0-1: Ball
1-1: Ball
2-1: Foul Ball, location: 2F
2-2: Ground out 5-3 (Groundball, 5S, EV 63.1 MPH)
Top of the 4th over - 0 runs, 0 hits, 0 errors, 0 left on base; Rice University 0 - Vanderbilt University 0
BOTTOM OF THE 4TH
Vanderbilt University Commodores batting - Pitching for Rice University Owls : LHP Melvin Ontiveros
Batting: LHB Nate Greening 0-0: Called Strike
0-1: Bunt for hit to 13S - play at first, batter OUT! 1-3
Batting: RHB Gary Smith 0-0: Ball
1-0: Ball
2-0: Called Strike
2-1: Swinging Strike
2-2: Strikes out looking
Batting: LHB Jose Diaz 0-0: Called Strike
0-1: SINGLE (Line Drive, 9S, EV 110.0 MPH)
Batting: RHB Steve Webb 0-0: Called Strike
0-1: Ball
1-1: Ball
2-1: Fly out, F5 (Popup, 15, EV 90.0 MPH)
Bottom of the 4th over - 0 runs, 1 hit, 0 errors, 1 left on base; Rice University 0 - Vanderbilt University 0
TOP OF THE 5TH
Rice University Owls batting - Pitching for Vanderbilt University Commodores : RHP Gabriel Marsh
Batting: LHB David Coatney 0-0: Ball
1-0: Called Strike
1-1: Ball
2-1: SINGLE (Line Drive, 6D, EV 98.1 MPH)
Batting: SHB Joan Coucieiro 0-0: Called Strike
0-1: DOUBLE (Line Drive, 7LS, EV 105.0 MPH)
David Coatney to third
Batting: SHB Yu-hsui Lew 0-0: Ball
1-0: Ball
2-0: Called Strike
2-1: Foul Ball, location: 2F
2-2: SINGLE (Groundball, 4MD, EV 98.1 MPH)
David Coatney scores
Joan Coucieiro to third
Batting: RHB Bobby Johannsen 0-0: Foul Ball, location: 2F
0-1: Ball
1-1: Foul Ball, location: 2F
1-2: Foul Ball, location: 2F
1-2: Foul Ball, location: 2F
1-2: Strikes out swinging
Batting: RHB Yu-zeng Mai 0-0: Swinging Strike
0-1: Fly out, F8 (Flyball, 8RD, EV 99.4 MPH)
Runner from 3rd tags up, SCORES, throw by CF
Batting: RHB John Burgis 0-0: Ball
1-0: Fly out, F8 (Flyball, 8RM, EV 93.1 MPH)
Top of the 5th over - 2 runs, 3 hits, 0 errors, 1 left on base; Rice University 2 - Vanderbilt University 0
BOTTOM OF THE 5TH
Vanderbilt University Commodores batting - Pitching for Rice University Owls : LHP Melvin Ontiveros
Batting: RHB Pakiana Kileona 0-0: Ball
1-0: Called Strike
1-1: Foul Ball, location: 2F
1-2: Fly out, F8 (Line Drive, 89M, EV 101.2 MPH)
Batting: LHB Mario Garza 0-0: Ball
1-0: Swinging Strike
1-1: Ball
2-1: Ball
3-1: Swinging Strike
3-2: Strikes out swinging
Batting: LHB Chad Carlson 0-0: Ball
1-0: Ball
2-0: Called Strike
2-1: Swinging Strike
2-2: Strikes out swinging
Bottom of the 5th over - 0 runs, 0 hits, 0 errors, 0 left on base; Rice University 2 - Vanderbilt University 0
TOP OF THE 6TH
Rice University Owls batting - Pitching for Vanderbilt University Commodores : RHP Gabriel Marsh
Batting: RHB Russ Kennett 0-0: SINGLE (Line Drive, 6D, EV 103.8 MPH)
Batting: LHB Eddie Lemus 0-0: Called Strike
0-1: Called Strike
0-2: Grounds out, U3 (Groundball, 3L, EV 88.8 MPH)
Batting: RHB Fred Saxton 0-0: Ball
1-0: Called Strike
1-1: Hit by Pitch
Batting: LHB David Coatney 0-0: Ball
1-0: DOUBLE (Groundball, 5L, EV 103.8 MPH)
Russ Kennett scores
Fred Saxton to third
Runner from 3rd tries for Home, SAFE, no throw by LF
Batting: SHB Joan Coucieiro 0-0: Called Strike
0-1: Foul Ball, location: 2F
0-2: Ball
1-2: Ground out U3 (Groundball, 34, EV 93.8 MPH)
David Coatney to third
Batting: SHB Yu-hsui Lew 0-0: Ball
1-0: Ball
2-0: Called Strike
2-1: Ball
3-1: Fly out, F6 (Popup, 6M, EV 66.2 MPH)
Top of the 6th over - 2 runs, 2 hits, 0 errors, 1 left on base; Rice University 4 - Vanderbilt University 0
BOTTOM OF THE 6TH
Vanderbilt University Commodores batting - Pitching for Rice University Owls : LHP Melvin Ontiveros
Batting: SHB Michael Woodard 0-0: Ball
1-0: SINGLE (Groundball, 6MD, EV 97.5 MPH)
Batting: LHB Raul Aldaz 0-0: Ball
1-0: Called Strike
1-1: Foul Ball, location: 2F
1-2: Strikes out swinging
Batting: LHB Nate Greening 0-0: Called Strike
0-1: Foul Ball, location: 2F
0-2: Ball
1-2: Strikes out swinging
Batting: RHB Gary Smith 0-0: Called Strike
0-1: Foul Ball, location: 2F
0-2: Fly out, F8 (Flyball, 8LD, EV 91.9 MPH)
Bottom of the 6th over - 0 runs, 1 hit, 0 errors, 1 left on base; Rice University 4 - Vanderbilt University 0
TOP OF THE 7TH
Rice University Owls batting - Pitching for Vanderbilt University Commodores : RHP Gabriel Marsh
Batting: RHB Bobby Johannsen 0-0: Called Strike
0-1: Ball
1-1: Ball
2-1: Fly out, F9 (Flyball, 9S, EV 92.5 MPH)
Batting: RHB Yu-zeng Mai 0-0: Fly out, F9 (Line Drive, 9, EV 92.5 MPH)
Batting: RHB John Burgis 0-0: Foul Ball, location: 2F
0-1: Ball
1-1: DOUBLE (Flyball, 8RD, EV 106.9 MPH)
Batting: RHB Russ Kennett 0-0: Foul Ball, location: 2F
0-1: Fly out, F6 (Popup, 6D, EV 54.4 MPH)
Top of the 7th over - 0 runs, 1 hit, 0 errors, 1 left on base; Rice University 4 - Vanderbilt University 0
BOTTOM OF THE 7TH
Vanderbilt University Commodores batting - Pitching for Rice University Owls : LHP Melvin Ontiveros
Batting: LHB Jose Diaz 0-0: Called Strike
0-1: Called Strike
0-2: Ball
1-2: Strikes out looking
Batting: RHB Steve Webb 0-0: Ball
1-0: Ball
2-0: Called Strike
2-1: Ball
3-1: Base on Balls
Batting: RHB Pakiana Kileona 0-0: Ball
1-0: Ball
2-0: Foul Ball, location: 2F
2-1: Ball
3-1: Called Strike
3-2: SINGLE (Popup, 6MD, EV 67.5 MPH)
Steve Webb to second
Pitching: LHP Dong-u Jung
Pinch Hitting: RHB Edwin Sierra 0-0: Ball
1-0: Ball
2-0: Called Strike
2-1: Ball
3-1: Base on Balls
Steve Webb to third
Pakiana Kileona to second
Batting: LHB Chad Carlson 0-0: Foul Ball, location: 2F
0-1: Ball
1-1: Foul Ball, location: 2F
1-2: Foul Ball, location: 2F
1-2: Fielders Choice at 2nd, 3-6 (Groundball, 34S, EV 92.5 MPH)
Steve Webb scores
Pakiana Kileona to third
Batting: SHB Michael Woodard 0-0: Ball
1-0: Fly out, F7 (Line Drive, 78M, EV 98.8 MPH)
Bottom of the 7th over - 1 run, 1 hit, 0 errors, 2 left on base; Rice University 4 - Vanderbilt University 1
TOP OF THE 8TH
Rice University Owls batting - Pitching for Vanderbilt University Commodores : RHP Gabriel Marsh
Pitching: LHP Ron Rubino
Now in LF: Raul Aldaz
Now in RF: Adam Lupfer
Batting: LHB David Goad 0-0: Foul Ball, location: 2F
0-1: Ball
1-1: Ball
2-1: SOLO HOME RUN (Line Drive, 9D, EV 96.2 MPH), Distance : 354 ft
Batting: RHB Fred Saxton 0-0: Swinging Strike
0-1: SOLO HOME RUN (Flyball, 7LD, EV 92.5 MPH), Distance : 370 ft
Batting: LHB David Coatney 0-0: Ball
1-0: Ball
2-0: Ball
3-0: Called Strike
3-1: Base on Balls
Batting: SHB Joan Coucieiro 0-0: Ball
1-0: Called Strike
1-1: Ball
2-1: Foul Ball, location: 2F
2-2: Strikes out swinging
Batting: SHB Yu-hsui Lew 0-0: Called Strike
0-1: Fielders Choice at 2nd, 6-4 (Groundball, 6S, EV 83.8 MPH)
Batting: RHB Bobby Johannsen 0-0: Fly out, F8 (Flyball, 78D, EV 103.1 MPH)
Top of the 8th over - 2 runs, 2 hits, 0 errors, 1 left on base; Rice University 6 - Vanderbilt University 1
BOTTOM OF THE 8TH
Vanderbilt University Commodores batting - Pitching for Rice University Owls : LHP Dong-u Jung
Batting: LHB Raul Aldaz 0-0: Ball
1-0: Ball
2-0: Called Strike
2-1: Ball
3-1: Base on Balls
Batting: LHB Nate Greening 0-0: Foul Ball, location: 2F
0-1: Fly out, F7 (Flyball, 7LS, EV 85.0 MPH)
Batting: RHB Gary Smith 0-0: Foul Ball, location: 2F
0-1: Ball
1-1: Called Strike
1-2: Foul Ball, location: 2F
1-2: Strikes out looking
Batting: LHB Jose Diaz 0-0: 2-RUN HOME RUN (Flyball, 7D, EV 94.4 MPH), Distance : 381 ft
Batting: RHB Steve Webb 0-0: Ball
1-0: Ball
2-0: Foul Ball, location: 2F
2-1: Ball
3-1: SINGLE (Flyball, 8LS, EV 91.9 MPH)
Pitching: LHP Joel Brown
Batting: RHB Pakiana Kileona 0-0: Called Strike
0-1: Ball
1-1: Swinging Strike
1-2: Foul Ball, location: 2F
1-2: Fly out, F7 (Flyball, 78S, EV 83.8 MPH)
Bottom of the 8th over - 2 runs, 2 hits, 0 errors, 1 left on base; Rice University 6 - Vanderbilt University 3
TOP OF THE 9TH
Rice University Owls batting - Pitching for Vanderbilt University Commodores : LHP Ron Rubino
Pitching: LHP Kyle McGuire
Batting: RHB Yu-zeng Mai 0-0: Ball
1-0: Called Strike
1-1: Foul Ball, location: 2F
1-2: Strikes out swinging
Batting: RHB John Burgis 0-0: Called Strike
0-1: Fly out, F4 (Line Drive, 4, EV 66.9 MPH)
Batting: RHB Russ Kennett 0-0: Ball
1-0: SINGLE (Groundball, 6MS, EV 84.4 MPH) (infield hit)
Batting: LHB David Goad 0-0: Called Strike
0-1: Ball
1-1: Called Strike
1-2: Foul Ball, location: 2F
1-2: Ball
2-2: Strikes out swinging
Top of the 9th over - 0 runs, 1 hit, 0 errors, 1 left on base; Rice University 6 - Vanderbilt University 3
BOTTOM OF THE 9TH
Vanderbilt University Commodores batting - Pitching for Rice University Owls : LHP Joel Brown
Pitching: RHP John Kerfoot
Pinch Hitting: RHB Chris Horton 0-0: Fly out, F9 (Flyball, 89M, EV 96.2 MPH)
Batting: LHB Chad Carlson 0-0: Foul Ball, location: 2F
0-1: Swinging Strike
0-2: Ball
1-2: Ball
2-2: Ball
3-2: Strikes out swinging
Batting: SHB Michael Woodard 0-0: Ball
1-0: Swinging Strike
1-1: Ball
2-1: Ball
3-1: Called Strike
3-2: Ground out 6-3 (Groundball, 6, EV 104.4 MPH)
Bottom of the 9th over - 0 runs, 0 hits, 0 errors, 0 left on base; Rice University 6 - Vanderbilt University 3
Tuesday, September 13th , 2022 - OOTP Baseball 23.7 Build 88